Workbook

Sheet Language
A1: Approp 838, until expended - IA Code 8A.330.2

Sheet FINANCIAL
A2: Status | B2: PROJECT NUMBER | C2: PROJECT TITLE | D2: Project Mgr. | E2: 506 Project Budget | F2: 506 Project Funds Received | G2: Total Project Budget | H2: Contracted Amount | I2: Expended Amount | J2: Encumbered Not Expended | K2: Not Encumbered
C3: Vertical Infrastructure Funds
C4: Additional Funds | D4: 390015.27
C5: Sales Tax Refunds | E5: 0
C6: Total Funds & Sales Tax Refunds | E6: =D3+D4-E5 -> 390015.27
C7: Less: Total Assigned | E7: =H29 -> 0
C8: Total Unassigned / Unallocated | E8: =E6-E7 -> 390015.27
C12: R26M (MOU) Projects
E13: hard code | F13: link to project recap | G13: link to this page budget column | H13: link to project recap | I13: link to project recap | J13: link to project recap | K13: link to project recap
B14: XXXX.XX | C14: Overhead | E14: ='Funds Rec''d'!H24 -> 390015.27 | F14: ='RECAP #Overhead'!C16 -> 0 | G14: ='RECAP #Overhead'!C16 -> 0 | H14: ='RECAP #Overhead'!D16 -> 0 | I14: ='RECAP #Overhead'!E16 -> 0 | J14: ='RECAP #Overhead'!F16 -> 0 | K14: ='RECAP #Overhead'!G16 -> 0
C29: R26M (MOU) Totals | E29: =SUM(E13:E28) -> 390015.27 | F29: =SUM(F13:F28) -> 0 | G29: =SUM(G13:G28) -> 0 | H29: =SUM(H13:H28) -> 0 | I29: =SUM(I13:I28) -> 0 | J29: =SUM(J13:J28) -> 0 | K29: =SUM(K13:K28) -> 0
K32: =J29+K29+E8 -> 390015.27

Sheet Funds Rec'd
A1: Project Name
A2: Project # xxxx.xx
A3: Program code xxxxxx | D3: Major Program 4D03
A4: Funds Rec'd
A5: Acct Code: 0506-335-R26M-xxxx
A6: Project Manager -
A8: Date | B8: DAS Document # | C8: Amount | D8: Vendor | E8: Document # | F8: Date of Transfer | G8: Amount | H8: Total amount of transfer
E9: 335FY26DAS | F9: 45912 | G9: 390015.27 | H9: 390015.27
B24: Total Requested | C24: =SUM(C9:C23) -> 0 | D24: Total Transferred | G24: =SUM(G9:G23) -> 390015.27 | H24: =SUM(H9:H23) -> 390015.27

Sheet RECAP #Overhead
B1: Overhead
B2: Project # xxxx.xx
B3: Program code xxxxxx | E3: Major Program xxxx
B4: Recap
B5: Acct. Codes-0506-335-R26M
B6: Project Manager - xxxxxxxxxxxxxxxxxxx
C7: TRANSFERS | D7: CONTRACTED | E7: EXPENDED | F7: CONTRACTED, NOT EXPENDED | G7: UNDER(OVER) Budget
B8: Funds received per MOU
B10: VendorA | D10: ='#Overhead'!D27 -> 0 | E10: ='#Overhead'!F27 -> 0 | F10: ='#Overhead'!H27 -> 0
B11: PM TIME | D11: ='[1]#xxxx.xx PM TIME'!E23 -> 0 | E11: ='[1]#xxxx.xx PM TIME'!G23 -> 0 | F11: ='[1]#xxxx.xx PM TIME'!I23 -> 0
B12: Misc. | D12: ='[1]#xxxx.xx Misc'!G22 -> 0 | E12: ='[1]#xxxx.xx Misc'!G22 -> 0 | F12: =D12-E12 -> 0
B16: Total Project Cost | C16: =SUM(C8:C15) -> 0 | D16: =SUM(D8:D15) -> 0 | E16: =SUM(E8:E15) -> 0 | F16: =SUM(D16-E16) -> 0 | G16: =C8-D16 -> 0

Sheet #Overhead Funds Rec'd
A1: ='RECAP #Overhead'!B1 -> Overhead
A2: ='RECAP #Overhead'!B2 -> Project # xxxx.xx
A3: ='RECAP #Overhead'!B3 -> Program code xxxxxx | D3: ='RECAP #Overhead'!E3 -> Major Program xxxx
A4: Funds Rec'd
A5: Acct Code: 0506-335-R26M-xxxx
A6: ='RECAP #Overhead'!B6 -> Project Manager - xxxxxxxxxxxxxxxxxxx
A8: Date | B8: DAS Document # | C8: Amount | D8: Vendor | E8: Document # | F8: Date of Transfer | G8: Amount | H8: Total amount of transfer
B25: Total Requested | C25: =SUM(C9:C24) -> 0 | D25: Total Transferred | G25: =SUM(G9:G24) -> 0 | H25: =SUM(H9:H24) -> 0

Sheet #Overhead
A1: ='RECAP #Overhead'!B1 -> Overhead
A2: ='RECAP #Overhead'!B2 -> Project # xxxx.xx
A3: ='RECAP #Overhead'!B3 -> Program code xxxxxx | D3: ='RECAP #Overhead'!E3 -> Major Program xxxx
A4: Vendor A | D4: Vendor:
A5: Acct. Codes-0506-335-R26M-xxxx
A6: ='RECAP #Overhead'!B6 -> Project Manager - xxxxxxxxxxxxxxxxxxx | D6: Activity code:
A8: Doc # | B8: Date | C8: Activity | D8: Contract & C.O.'s | E8: Contract Total | F8: Payment Amount | G8: Total Paid | H8: Balance
C9: Budget | D9: ='#Overhead Funds Rec''d'!H25 -> 0 | E9: =D9 -> 0 | H9: =E9 -> 0
E10: =E9+D10 -> 0 | G10: =G9+F10 -> 0 | H10: =H9-F10+D10 -> 0
E11: =E10+D11 -> 0 | G11: =G10+F11 -> 0 | H11: =H10-F11+D11 -> 0
E12: =E11+D12 -> 0 | G12: =G11+F12 -> 0 | H12: =H11-F12+D12 -> 0
E13: =E12+D13 -> 0 | G13: =G12+F13 -> 0 | H13: =H12-F13+D13 -> 0
E14: =E13+D14 -> 0 | G14: =G13+F14 -> 0 | H14: =H13-F14+D14 -> 0
E15: =E14+D15 -> 0 | G15: =G14+F15 -> 0 | H15: =H14-F15+D15 -> 0
E16: =E15+D16 -> 0 | G16: =G15+F16 -> 0 | H16: =H15-F16+D16 -> 0
E17: =E16+D17 -> 0 | G17: =G16+F17 -> 0 | H17: =H16-F17+D17 -> 0
E18: =E17+D18 -> 0 | G18: =G17+F18 -> 0 | H18: =H17-F18+D18 -> 0
E19: =E18+D19 -> 0 | G19: =G18+F19 -> 0 | H19: =H18-F19+D19 -> 0
E20: =E19+D20 -> 0 | G20: =G19+F20 -> 0 | H20: =H19-F20+D20 -> 0
E21: =E20+D21 -> 0 | G21: =G20+F21 -> 0 | H21: =H20-F21+D21 -> 0
... E25: =E24+D25 -> 0 | G25: =G24+F25 -> 0 | H25: =H24-F25+D25 -> 0
C27: Totals | D27: =SUM(D9:D26) -> 0 | F27: =SUM(F9:F26) -> 0 | H27: =D27-F27 -> 0
